Map: Oxide LE

Players

Dream

  • Race: Terran Terran
  • Spawn Location: 7:00

Astrea - Winner!

  • Race: Protoss Protoss
  • Spawn Location: 1:00

Event: IEM Katowice 2021

VOD

Have the link to the VOD?

Description

Time

  • Played on: Feb. 24, 2021, 11:15 a.m.
  • Length: 16:36
Show
View Real Time Build Order
Export as new Build Order

Dream Terran 

Build Orders:  

Get SALT Encoding   

  12  0:00  SCV  
  13  0:12  SCV  
  14  0:16  Supply Depot  
  14  0:24  SCV  
  15  0:38  SCV  
  15  0:40  Barracks  
  16  0:43  Refinery  
  16  0:50  SCV  
  17  1:02  SCV  
  18  1:14  SCV  
  19  1:27  Marine, Orbital Command  
  20  1:38  Command Center  
  20  1:49  Factory  
  20  1:52  SCV  
  21  2:03  Barracks Reactor  
  21  2:04  Supply Depot  
  21  2:07  SCV  
  22  2:11  Bunker  
  22  2:18  Refinery  
  22  2:19  SCV  
  23  2:31  SCV  
  24  2:42  Starport  
  24  2:43  SCV  
  27  2:44  Hellion  
  27  2:47  Hellion  
  29  2:54  Orbital Command  
  29  2:56  SCV  
  32  3:05  Widow Mine  
  32  3:08  Widow Mine  
  32  3:10  SCV  
  35  3:19  Medivac  
  37  3:21  SCV  
  37  3:22  SCV  
  37  3:25  Refinery  
  37  3:26  Barracks Tech Lab  
  37  3:27  Widow Mine  
  41  3:30  Widow Mine  
  41  3:33  Supply Depot  
  43  3:37  SCV  
  43  3:38  SCV  
  45  3:46  Supply Depot  
  45  3:49  SCV  
  45  3:55  SCV, Marine  
  47  3:56  Marine  
  47  3:57  Starport Tech Lab  
  47  3:59  Engineering Bay  
  47  4:02  SCV  
  50  4:07  SCV  
  51  4:11  Siege Tank  
  51  4:14  SCV  
  51  4:17  Marine  
  55  4:18  Marine  
  55  4:19  SCV  
  58  4:26  SCV  
  59  4:31  SCV  
  59  4:34  Marine  
  59  4:35  Marine  
  59  4:36  Raven  
  58  4:38  SCV  
  58  4:41  Supply Depot  
  58  4:42  Supply Depot  
  58  4:43  SCV  
  58  4:44  Barracks  
  60  4:52  Supply Depot  
  60  4:53  SCV  
  61  5:00  SCV  
  61  5:02  Terran Infantry Weapons Level 1  
  61  5:03  Siege Tank  
  61  5:04  Marine x2  
  68  5:07  SCV  
  68  5:13  SCV  
  69  5:15  Command Center  
  69  5:22  SCV  
  69  5:23  Marine x2  
  69  5:25  SCV  
  69  5:27  Raven  
  69  5:34  SCV  
  69  5:37  SCV  
  69  5:38  Barracks Tech Lab  
  69  5:40  Marine x2  
  71  5:47  SCV  
  71  5:49  SCV, Barracks x2, Siege Tank  
  74  5:52  Refinery  
  70  5:58  Stimpack, Marauder  
  70  5:59  SCV, Marine x2  
  70  6:01  SCV  
  70  6:03  Supply Depot  
  70  6:04  Supply Depot  
  76  6:11  SCV  
  77  6:13  SCV  
  77  6:16  Barracks  
  77  6:17  Marine x2  
  80  6:19  Starport Reactor  
  80  6:21  Supply Depot  
  80  6:22  Supply Depot  
  80  6:23  SCV  
  80  6:25  SCV  
  82  6:29  Factory Reactor  
  82  6:31  Orbital Command  
  82  6:32  Marauder  
  84  6:35  SCV  
  84  6:37  Engineering Bay, Armory  
  84  6:38  Marine x2  
  88  6:40  SCV  
  88  6:41  Barracks Reactor  
  88  6:47  SCV  
  88  6:53  SCV  
  90  6:55  Marauder, Combat Shield  
  90  6:56  Medivac x2, Marauder  
  90  6:59  SCV  
  90  7:00  Marine  
  90  7:01  Marine  
  101  7:05  Supply Depot  
  101  7:07  Widow Mine x2  
  107  7:08  Marauder  
  107  7:12  SCV x2, Orbital Command  
  109  7:16  Marauder  
  109  7:18  Marine x2  
  109  7:20  Marauder  
  115  7:23  Terran Infantry Armor Level 1  
  115  7:24  Marine x2  
  115  7:26  SCV x2  
  121  7:30  Marauder  
  121  7:33  Refinery  
  121  7:36  Refinery  
  121  7:37  Marauder  
  121  7:38  SCV, Marine x2  
  121  7:41  Marauder, SCV  
  121  7:42  Medivac  
  66  7:44  Medivac  
  131  7:47  SCV  
  131  7:51  Marauder, Marine  
  135  7:57  Marine x2  
  139  7:59  Marauder  
  139  8:04  Supply Depot  
  139  8:09  Supply Depot  
  139  8:10  Supply Depot x2, Terran Infantry Weapons Level 2  
  139  8:18  Widow Mine  
  141  8:24  Command Center, Concussive Shells  
  141  8:26  Widow Mine  
  143  8:32  Marine, Ghost Academy  
  143  8:33  Supply Depot, Marine  
  145  8:34  Supply Depot  
  145  8:41  SCV x3  
  145  8:43  Marine x2  
  145  8:46  Marauder, Missile Turret  
  152  8:49  Widow Mine x2  
  152  8:53  Medivac x2  
  160  8:56  Marauder x2, Marine  
  160  8:59  Marine  
  160  9:02  Marine  
  165  9:07  Marine  
  165  9:09  Enhanced Shockwaves  
  168  9:13  Ghost  
  168  9:14  Marine  
  168  9:17  Ghost x2  
  170  9:20  Marine  
  170  9:22  Missile Turret  
  170  9:23  Marine  
  175  9:24  Supply Depot  
  175  9:25  Marine  
  176  9:33  Terran Infantry Armor Level 2  
  176  9:34  Terran Ship Weapons Level 1  
  176  9:35  Viking  
  176  9:37  Marine  
  176  9:38  Marine  
  179  9:41  Marine, Ghost  
  179  9:45  Ghost  
  179  9:48  Marine x2  
  179  9:49  Medivac  
  183  9:54  Marine  
  183  9:56  Marine, Missile Turret  
  183  9:58  Marine  
  181  10:05  Ghost  
  183  10:10  Barracks x2, Ghost  
  183  10:11  Marine  
  183  10:12  Barracks  
  183  10:14  Ghost  
  185  10:15  Marine x2  
  185  10:18  Missile Turret  
  189  10:30  Terran Infantry Weapons Level 3  
  189  10:33  SCV x2, Missile Turret  
  189  10:35  SCV x2  
  193  10:36  Marine x3  
  196  10:46  Command Center  
  193  10:58  Marine, Ghost  
  193  10:59  Marauder x2  
  193  11:01  Marine  
  199  11:13  Medivac  
  199  11:14  Barracks Reactor, Barracks Tech Lab x2  
  199  11:17  Planetary Fortress  
  199  11:19  Refinery  
  199  11:20  Refinery  
  199  11:28  Command Center  
  196  11:46  Marine, Ghost x2  
  196  11:47  Marauder, Sensor Tower  
  200  11:51  Ghost  
  200  11:52  Marine  
  200  11:53  Ghost  
  173  11:54  Marine x2  
  173  11:55  Marine  
  160  12:04  Widow Mine x2  
  160  12:08  Marauder, Marine  
  148  12:13  Marine  
  148  12:14  Marine x3, Ghost  
  148  12:15  Marauder  
  149  12:16  Orbital Command  
  149  12:20  Marauder  
  149  12:22  Ghost  
  147  12:24  Medivac x2  
  147  12:25  Widow Mine x2, Marine  
  147  12:26  Marine  
  147  12:27  SCV x4  
  147  12:29  Command Center, Ghost  
  165  12:31  Marine x2  
  165  12:32  Marine  
  165  12:33  Marine  
  165  12:36  Marauder  
  171  12:39  SCV  
  171  12:41  Orbital Command  
  171  12:42  Marauder  
  171  12:44  Marauder  
  176  12:46  Marine  
  176  12:47  Terran Infantry Armor Level 3  
  177  12:55  Missile Turret  
  177  12:57  Ghost  
  174  12:59  Marauder  
  174  13:00  Marine  
  174  13:01  Marine x2  
  174  13:02  Ghost  
  174  13:05  Marine x2  
  179  13:07  Viking  
  179  13:08  Starport  
  179  13:09  Viking  
  174  13:21  Marauder x3  
  174  13:23  Marine x3  
  174  13:26  Marauder  
  183  13:32  Marauder, Marine  
  174  13:41  Ghost  
  174  13:42  Marauder  
  174  13:43  Ghost  
  174  13:47  Marine, Ghost  
  178  13:50  Marine x2  
  178  13:53  Marauder  
  152  13:58  Marine  
  131  14:03  Marine x2, Ghost  
  131  14:05  Marine  
  131  14:08  Marine x2  
  133  14:10  Marine  
  133  14:12  Marine  
  133  14:14  Marine  
  133  14:16  Marine  
  137  14:19  Marine  
  137  14:21  Marine x2  
  137  14:23  Marine  
  139  14:28  Missile Turret  
  139  14:30  Marauder x2  
  132  14:43  Marauder, Marine  
  135  14:50  Marine  
  109  14:54  Orbital Command  
  109  14:57  Marine  
  102  15:06  Marauder  
  100  15:11  Marine  
  99  15:27  Planetary Fortress  
  99  15:35  Marauder  
  85  15:49  Marine  
  54  16:22  Missile Turret  
Show
View Real Time Build Order
Export as new Build Order

Astrea Protoss - Winner!

Build Orders: 1 Gate Expand, Blink Stalkers, Colossus Rush 

Get SALT Encoding   

  12  0:00  Probe  
  13  0:12  Probe  
  14  0:17  Pylon  
  14  0:25  Probe (Chrono Boost)  
  15  0:37  Probe (Chrono Boost), Gateway  
  16  0:45  Probe (Chrono Boost)  
  16  0:46  Assimilator  
  17  0:51  Probe  
  18  1:03  Probe  
  19  1:15  Probe  
  20  1:21  Nexus  
  20  1:30  Cybernetics Core  
  20  1:34  Probe  
  20  1:39  Assimilator  
  21  1:46  Probe  
  22  1:49  Pylon  
  22  1:57  Probe  
  23  2:04  Stalker (Chrono Boost)  
  23  2:05  Probe  
  23  2:07  Warp Gate  
  25  2:14  Probe  
  27  2:23  Twilight Council  
  27  2:26  Probe (Chrono Boost)  
  28  2:33  Probe (Chrono Boost)  
  28  2:36  Stalker  
  32  2:42  Probe (Chrono Boost)  
  32  2:43  Probe (Chrono Boost)  
  33  2:48  Probe x2 (Chrono Boost)  
  35  2:54  Gateway  
  35  2:59  Blink (Chrono Boost)  
  35  3:00  Probe  
  35  3:01  Probe  
  37  3:12  Probe  
  38  3:13  Probe  
  38  3:22  Robotics Facility  
  38  3:24  Probe  
  38  3:25  Probe  
  40  3:28  Assimilator  
  40  3:30  Assimilator  
  40  3:32  Pylon  
  40  3:36  Probe  
  40  3:37  Probe  
  42  3:42  Pylon  
  43  3:48  Probe  
  43  3:49  Probe  
  44  3:55  Stalker x2  
  44  4:00  Probe  
  44  4:01  Probe  
  50  4:09  Observer  
  51  4:12  Robotics Bay, Probe  
  51  4:13  Probe  
  53  4:18  Stalker x2  
  54  4:24  Probe  
  54  4:27  Probe (Chrono Boost)  
  48  4:32  Observer  
  48  4:40  Probe (Chrono Boost)  
  48  4:42  Probe (Chrono Boost)  
  48  4:45  Stalker  
  51  4:47  Probe (Chrono Boost)  
  51  4:50  Probe (Chrono Boost)  
  51  4:51  Stalker  
  55  4:57  Probe (Chrono Boost)  
  55  4:59  Pylon  
  56  5:01  Probe (Chrono Boost)  
  58  5:09  Probe (Chrono Boost)  
  58  5:10  Probe (Chrono Boost)  
  58  5:12  Nexus  
  59  5:15  Probe  
  60  5:22  Probe  
  60  5:27  Probe  
  58  5:34  Probe  
  57  5:38  Stalker x2  
  57  5:39  Probe  
  62  5:46  Probe  
  63  5:51  Probe  
  63  5:52  Observer  
  63  5:55  Colossus  
  69  5:58  Pylon  
  69  5:59  Probe  
  70  6:08  Observer  
  70  6:16  Probe (Chrono Boost)  
  70  6:17  Probe (Chrono Boost)  
  72  6:19  Charge  
  72  6:21  Forge  
  72  6:22  Forge  
  72  6:23  Extended Thermal Lance, Sentry  
  75  6:25  Observer  
  75  6:28  Probe x2 (Chrono Boost)  
  75  6:30  Probe (Chrono Boost)  
  77  6:32  Probe x2 (Chrono Boost)  
  77  6:37  Probe  
  80  6:43  Probe, Nexus  
  80  6:45  Probe  
  82  6:50  Probe  
  82  6:52  Colossus (Chrono Boost)  
  89  6:54  Protoss Ground Weapons Level 1 (Chrono Boost), Protoss Ground Armor Level 1 (Chrono Boost)  
  89  6:58  Observer  
  89  7:03  Probe  
  89  7:08  Probe  
  91  7:10  Gateway  
  91  7:11  Observer  
  91  7:12  Gateway x2  
  91  7:16  Probe  
  91  7:17  Pylon  
  91  7:20  Probe  
  93  7:29  Gateway  
  93  7:30  Gateway  
  93  7:32  Pylon  
  93  7:33  Gateway  
  93  7:35  Probe x2, Observer  
  95  7:37  Probe  
  95  7:38  Sentry  
  97  7:47  Probe  
  97  7:49  Colossus (Chrono Boost)  
  97  7:50  Pylon  
  104  7:52  Probe  
  104  7:58  Probe x2  
  107  7:59  Probe  
  107  8:00  Pylon  
  107  8:03  Gateway  
  107  8:04  Gateway  
  108  8:06  Pylon  
  108  8:08  Pylon  
  108  8:09  Probe  
  111  8:12  Probe x2  
  111  8:13  Probe  
  111  8:15  Observer  
  112  8:21  Probe  
  112  8:24  Probe  
  114  8:29  Warp Prism (Chrono Boost), Probe, Gravitic Drive  
  114  8:30  Pylon  
  117  8:40  Zealot x2  
  117  8:41  Pylon, Protoss Ground Weapons Level 2 (Chrono Boost), Protoss Ground Armor Level 2 (Chrono Boost), Zealot x6  
  133  8:46  Nexus  
  133  8:54  Pylon  
  133  9:02  Pylon  
  133  9:07  Observer x2  
  133  9:09  Probe  
  138  9:13  Zealot x8  
  138  9:14  Zealot x2  
  155  9:20  Photon Cannon x3  
  155  9:21  Photon Cannon  
  155  9:24  Assimilator  
  155  9:26  Assimilator, Dark Shrine  
  155  9:28  Robotics Facility  
  154  9:37  Stalker x4  
  162  9:49  Probe x4  
  148  10:00  Observer (Chrono Boost)  
  148  10:02  Probe x4  
  148  10:06  Observer  
  153  10:14  Probe x3, Disruptor (Chrono Boost)  
  153  10:19  Photon Cannon  
  153  10:20  Shield Battery x2, Probe, Photon Cannon  
  160  10:22  Photon Cannon, Disruptor (Chrono Boost)  
  160  10:26  Probe  
  162  10:32  Probe  
  162  10:33  Probe x2  
  162  10:34  Probe, Gateway x2  
  166  10:37  Shield Battery  
  166  10:38  Probe  
  166  10:39  Photon Cannon  
  168  10:52  Disruptor (Chrono Boost)  
  168  10:54  Disruptor (Chrono Boost)  
  168  10:55  Shadow Stride  
  169  10:59  Zealot x9  
  169  11:00  Zealot  
  163  11:05  Protoss Ground Weapons Level 3, Protoss Ground Armor Level 3  
  163  11:09  Shield Battery  
  163  11:11  Photon Cannon  
  161  11:12  Pylon  
  161  11:13  Pylon  
  161  11:22  Photon Cannon, Disruptor  
  161  11:23  Photon Cannon  
  161  11:24  Shield Battery  
  161  11:25  Shield Battery  
  163  11:26  Dark Templar x5  
  163  11:27  Zealot x5  
  163  11:29  Pylon  
  179  11:44  Disruptor  
  162  11:54  Stalker x6  
  165  12:01  Zealot x6  
  170  12:12  Disruptor (Chrono Boost)  
  170  12:13  Probe x2  
  170  12:14  Probe x3  
  169  12:17  Stalker x2  
  169  12:20  Zealot x4, Disruptor (Chrono Boost)  
  180  12:25  Probe  
  181  12:34  Photon Cannon  
  181  12:35  Photon Cannon  
  181  12:36  Photon Cannon  
  181  12:37  Photon Cannon x2  
  181  12:38  Shield Battery x2, Nexus  
  181  12:39  Shield Battery, Photon Cannon  
  181  12:40  Shield Battery x2  
  181  12:44  Assimilator  
  181  12:45  Assimilator  
  175  13:01  Disruptor  
  175  13:02  Disruptor  
  175  13:04  Dark Templar x3  
  187  13:09  Zealot x7  
  187  13:26  Dark Templar  
  187  13:27  Dark Templar  
  188  13:36  Disruptor  
  188  13:38  Disruptor  
  160  13:44  Zealot x10  
  151  14:00  Stalker x2  
  149  14:03  Probe x4  
  149  14:04  Probe  
  149  14:05  Pylon  
  149  14:06  Zealot x10  
  172  14:12  Disruptor  
  172  14:13  Disruptor  
  172  14:14  Protoss Shields Level 1 (Chrono Boost)  
  160  14:40  Stalker x11  
  160  14:41  Stalker  
  172  14:53  Disruptor (Chrono Boost)  
  141  15:09  Sentry  
  141  15:10  Zealot x11  
  165  15:20  Disruptor  
  163  15:26  Photon Cannon  
  163  15:27  Shield Battery  
  165  15:31  Nexus  
  165  15:35  Dark Templar x8  
  181  15:41  Zealot x4  
  181  15:42  Nexus  
  186  15:46  Archon x2  
  164  16:03  Dark Templar  
  157  16:04  Zealot  
  157  16:05  Zealot x2  
  157  16:16  Stalker x5  
  157  16:17  Stalker x3  

Tags
 
Add a new tag
Caveats
  • Supply blocks, unpowered buildings, or Contaminate may cause inaccurate times.
  • Supply counts are checked every 10 seconds.